[Event "ICC tourney 1970 (45 10)"]
[Site "Internet Chess Club"]
[Date "2020.08.22"]
[Round "1"]
[White "emilyz"]
[Black "HeSteven"]
[Result "0-1"]
[ICCResult "White checkmated"]
[WhiteElo "1036"]
[BlackElo "1506"]
[Opening "Ruy Lopez: Möller defense"]
[ECO "C78"]
[NIC "RL.12"]
[Time "11:07:56"]
[TimeControl "2700+10"]

1. e4 e5 2. Nf3 Nc6 3. Bb5 a6 4. Ba4 Nf6 5. O-O Bc5 6. c3 d6 7. b4 Bb6 8.
Bxc6+ bxc6 9. Qa4 Bd7 10. Qc2 Bg4 11. Ng5 h6 12. Nf3 Bxf3 13. gxf3 Qd7 14.
d3 Qh3 15. Nd2 O-O 16. d4 exd4 17. cxd4 Bxd4 18. e5 Bxe5 19. Ne4 Qxh2#
{White checkmated}
0-1

[Event "ICC tourney 1970 (45 10)"]
[Site "Internet Chess Club"]
[Date "2020.08.22"]
[Round "1"]
[White "ishban"]
[Black "LucasW2014"]
[Result "0-1"]
[ICCResult "White checkmated"]
[WhiteElo "1310"]
[BlackElo "1476"]
[Opening "Scotch game"]
[ECO "C45"]
[NIC "SO.05"]
[Time "11:08:05"]
[TimeControl "2700+10"]

1. e4 e5 2. Nf3 Nc6 3. d4 exd4 4. Nxd4 Bc5 5. Be3 Qf6 6. Nxc6 Bxe3 7. fxe3
Qxb2 8. Qd4 Qc1+ 9. Kf2 Qxc2+ 10. Be2 Qxc6 11. Qxg7 Qf6+ 12. Qxf6 Nxf6 13.
Nc3 d6 14. Nd5 Nxd5 15. exd5 Bf5 16. Bb5+ Ke7 17. Rhe1 Be4 18. Rac1 Rac8 19.
Rc4 Bxd5 20. Rc2 Rhg8 21. Rd1 Rxg2+ 22. Ke1 Rxc2 23. Rxd5 c6 24. Bxc6 R8xc6
25. Rh5 Rxa2 26. Rxh7 Rc1# {White checkmated} 0-1

[Event "ICC tourney 1970 (45 10)"]
[Site "Internet Chess Club"]
[Date "2020.08.22"]
[Round "1"]
[White "Anichess2009"]
[Black "funstyle"]
[Result "1-0"]
[ICCResult "Black checkmated"]
[WhiteElo "490"]
[BlackElo "1200"]
[Opening "French: exchange variation"]
[ECO "C01"]
[NIC "FR.01"]
[Time "11:08:00"]
[TimeControl "2700+10"]

1. e4 e6 2. d4 d5 3. exd5 exd5 4. Nc3 Nf6 5. Nf3 Bd6 6. Bg5 O-O 7. Be2 c6 8.
O-O h6 9. Bh4 Bf5 10. Bd3 Bg4 11. h3 Bh5 12. Be2 Nbd7 13. Qd2 Qc7 14. Ne5
Bxe2 15. Nxd7 Nxd7 16. Qxe2 Rfe8 17. Qd3 Nb6 18. b3 Be7 19. Bxe7 Qxe7 20.
Qd2 Rad8 21. Rfe1 Qd7 22. Rxe8+ Rxe8 23. a4 Qe7 24. Kf1 Nd7 25. Re1 Qxe1+
26. Qxe1 Rxe1+ 27. Kxe1 f5 28. Ke2 Kf7 29. f4 Kf6 30. Ke3 Ke6 31. Ne2 Nf6
32. g3 Ne4 33. Kf3 Nd2+ 34. Ke3 Ne4 35. Kf3 g5 36. fxg5 hxg5 37. h4 gxh4 38.
gxh4 Kf6 39. Nf4 Nd2+ 40. Ke3 Nf1+ 41. Kf2 Nh2 42. Nh5+ Kg6 43. Nf4+ Kf7 44.
Kg3 Ng4 45. h5 Kf6 46. Kh4 b5 47. axb5 cxb5 48. Nxd5+ Kg7 49. Kg5 Nh6 50.
Ne7 a5 51. Nxf5+ Nxf5 52. Kxf5 a4 53. d5 a3 54. d6 a2 55. d7 a1=Q 56. d8=Q
Qf1+ 57. Ke5 Qe2+ 58. Kd6 Qxh5 59. Qe7+ Kh8 60. Qf6+ Kg8 61. Kd7 Qd1+ 62.
Qd6 Qg4+ 63. Kc6 Qe4+ 64. Qd5+ Qxd5+ 65. Kxd5 Kf7 66. Kc5 Ke7 67. Kxb5 Kd6
68. c4 Kc7 69. c5 Kb7 70. b4 Kc7 71. Ka6 Kb8 72. b5 Kc8 73. b6 Kb8 74. b7
Kc7 75. Ka7 Kc6 76. b8=Q Kxc5 77. Qb6+ Kd5 78. Ka6 Kc4 79. Qb5+ Kd4 80. Kb6
Kc3 81. Kc5 Kd2 82. Qb3 Kc1 83. Kc4 Kd2 84. Qc3+ Ke2 85. Kd4 Kf2 86. Qe3+
Kg2 87. Ke4 Kf1 88. Qd2 Kg1 89. Kf3 Kh1 90. Kg3 Kg1 91. Qg2# {Black
checkmated} 1-0

[Event "ICC tourney 1970 (45 10)"]
[Site "Internet Chess Club"]
[Date "2020.08.22"]
[Round "1"]
[White "oliver-kc"]
[Black "ab4gm"]
[Result "1-0"]
[ICCResult "Black checkmated"]
[WhiteElo "1220"]
[BlackElo "1180"]
[Opening "Giuoco Piano"]
[ECO "C50"]
[NIC "IG.02"]
[Time "11:08:00"]
[TimeControl "2700+10"]

1. e4 e5 2. Nf3 Nc6 3. Bc4 Bc5 4. O-O Nf6 5. d3 O-O 6. Nc3 d6 7. Bg5 Bg4 8.
Nd5 Nd4 9. Nxf6+ gxf6 10. Bh6 Re8 11. Kh1 Qd7 12. Rg1 Nc6 13. h3 Bh5 14. Qe2
Bg6 15. c3 Na5 16. Rad1 Nxc4 17. dxc4 Qc6 18. Rd5 Qb6 19. b4 Bxf2 20. Rf1
Bg3 21. a4 Qa6 22. Ra1 b6 23. b5 Qb7 24. a5 bxa5 25. Rxa5 Qb6 26. Ra4 a6 27.
Be3 Qb7 28. bxa6 Rxa6 29. Rxa6 Qxa6 30. Bg1 Qa3 31. Rd3 Qb3 32. Nd2 Qb7 33.
Rxg3 Kf8 34. c5 Ra8 35. Rf3 Kg7 36. Rf1 Ra2 37. Qd1 Bxe4 38. Nxe4 Qxe4 39.
Rf2 Ra4 40. Re2 Qc4 41. Re3 Kf8 42. Rg3 dxc5 43. Bxc5+ Ke8 44. Rg8#
{Black checkmated}
1-0

[Event "ICC tourney 1970 (45 10)"]
[Site "Internet Chess Club"]
[Date "2020.08.22"]
[Round "1"]
[White "akhilv"]
[Black "hasinideepak"]
[Result "1-0"]
[ICCResult "Black checkmated"]
[WhiteElo "1194"]
[BlackElo "996"]
[Opening "Ruy Lopez: Berlin defense"]
[ECO "C65"]
[NIC "RL.07"]
[Time "11:07:55"]
[TimeControl "2700+10"]

1. e4 e5 2. Nf3 Nc6 3. Bb5 Nf6 4. d3 h6 5. Bxc6 dxc6 6. Nxe5 Bd6 7. Nf3 O-O
8. e5 Bxe5 9. Nxe5 Re8 10. d4 Bg4 11. Qd3 Qd6 12. O-O Bh5 13. Nc4 Qd7 14.
Ne5 Qd5 15. Nc3 Qd8 16. Bf4 Ng4 17. Nxg4 Bxg4 18. Qg3 Qd7 19. Bxc7 Qf5 20.
Be5 Re6 21. h3 Rg6 22. hxg4 Rxg4 23. Qh3 Re8 24. f3 Rxg2+ 25. Qxg2 Re6 26.
Qxg7# {Black checkmated} 1-0

[Event "ICC tourney 1970 (45 10)"]
[Site "Internet Chess Club"]
[Date "2020.08.22"]
[Round "1"]
[White "Alexpnng"]
[Black "neptune46"]
[Result "1-0"]
[ICCResult "Black checkmated"]
[WhiteElo "1427"]
[BlackElo "1103"]
[Opening "Giuoco Piano"]
[ECO "C50"]
[NIC "IG.02"]
[Time "11:07:55"]
[TimeControl "2700+10"]

1. e4 e5 2. Nf3 Nc6 3. Bc4 Bc5 4. O-O Nf6 5. Nc3 O-O 6. d3 h6 7. Be3 Bb6 8.
Nd5 Re8 9. c3 d6 10. h3 Na5 11. Bb3 c6 12. Nxb6 axb6 13. Bc2 d5 14. b4 dxe4
15. bxa5 exf3 16. Bxb6 Qe7 17. Qxf3 Bd7 18. Rfe1 Qf8 19. d4 exd4 20. Bxd4
Re6 21. Rxe6 Bxe6 22. Bxf6 gxf6 23. Qxf6 Bd5 24. Bb3 Be4 25. Re1 Bd5 26.
Bxd5 cxd5 27. Qb6 Rb8 28. Qb4 Qg7 29. Qd4 Qg6 30. Qxd5 Rf8 31. Qe4 Qg7 32.
Re3 Rd8 33. Rg3 Rd1+ 34. Kh2 Qxg3+ 35. fxg3 Rd8 36. Qxb7 Rf8 37. a6 Kh8 38.
a7 Rg8 39. Qxf7 h5 40. Qxg8+ Kxg8 41. a8=Q+ Kh7 42. Qb7+ Kh6 43. Qc6+ Kg7
44. g4 h4 45. g3 hxg3+ 46. Kxg3 Kh7 47. Kh4 Kg7 48. Kg5 Kh7 49. Qd7+ Kg8 50.
Kg6 Kf8 51. Qf7# {Black checkmated} 1-0

[Event "ICC tourney 1970 (45 10)"]
[Site "Internet Chess Club"]
[Date "2020.08.22"]
[Round "1"]
[White "firelionpro"]
[Black "nikhilsarda"]
[Result "1-0"]
[ICCResult "Black checkmated"]
[WhiteElo "917"]
[BlackElo "1098"]
[Opening "Ruy Lopez: Caro variation"]
[ECO "C70"]
[NIC "RL.09"]
[Time "11:07:58"]
[TimeControl "2700+10"]

1. e4 e5 2. Nf3 Nc6 3. Bb5 a6 4. Ba4 b5 5. Bb3 d6 6. a4 b4 7. c3 bxc3 8.
Nxc3 Bg4 9. O-O Nf6 10. h3 Bh5 11. d3 Nd4 12. g4 Bg6 13. Nxd4 exd4 14. Na2
d5 15. Bg5 dxe4 16. dxe4 h6 17. Bh4 Be7 18. Qf3 O-O 19. g5 hxg5 20. Bxg5 Qd6
21. Bf4 Qd8 22. Rfe1 Bxe4 23. Qg3 d3 24. Bh6 Ne8 25. Rxe4 d2 26. Nc3 Bf6 27.
Qg4 Kh8 28. Bf4 Nd6 29. Bxd6 Qxd6 30. Qh5+ Kg8 31. Bc2 Rfe8 32. Rxe8+ Rxe8
33. Qh7+ Kf8 34. Qh8+ Ke7 35. Qh5 g6 36. Qe2+ Be5 37. Ne4 Qd5 38. Nxd2 Kd8
39. Rd1 Bh2+ 40. Kxh2 Rxe2 41. Nb1 Re5 42. Nc3 Qxd1 43. Bxd1 Re1 44. Bg4 f5
45. Be2 g5 46. Kg3 f4+ 47. Kf3 Rh1 48. Kg2 Ra1 49. Bd1 Ke7 50. Kf1 Kf6 51.
Ke2 Ke5 52. Kd2 Kd4 53. Kc2 Kc4 54. b3+ Kb4 55. Kb2 Ra3 56. Nb1 Rxb3+ 57.
Bxb3 f3 58. Nd2 Kc5 59. Nxf3 Kb4 60. Nxg5 a5 61. h4 Kc5 62. h5 Kd6 63. h6
Ke7 64. h7 Kf8 65. h8=Q+ Ke7 66. Qh7+ Kd6 67. Ne4+ Kc6 68. Qh6+ Kb7 69. Nc5+
Ka7 70. Qa6+ Kb8 71. Nd7# {Black checkmated} 1-0

[Event "ICC tourney 1970 (45 10)"]
[Site "Internet Chess Club"]
[Date "2020.08.22"]
[Round "1"]
[White "RoPac"]
[Black "piforeveryone"]
[Result "1-0"]
[ICCResult "Black checkmated"]
[WhiteElo "1431"]
[BlackElo "1285"]
[Opening "Caro-Kann: classical variation"]
[ECO "B18"]
[NIC "CK.10"]
[Time "11:08:01"]
[TimeControl "2700+10"]

1. e4 c6 2. d4 d5 3. Nc3 dxe4 4. Nxe4 Bf5 5. Ng3 Bg6 6. Nf3 Nf6 7. Bc4 e6 8.
O-O Be7 9. Re1 O-O 10. Bf4 Nd5 11. Bxd5 cxd5 12. Be5 Nc6 13. c3 Qb6 14. Qd2
Rfe8 15. Rac1 Qa6 16. a3 Na5 17. Qd1 Nc4 18. Qe2 Qb6 19. Nd2 Nxb2 20. Nf3
Nd3 21. Rb1 Nxe1 22. Rxb6 Nxf3+ 23. Qxf3 axb6 24. Bc7 Rxa3 25. Bxb6 Ra1+ 26.
Nf1 Rc8 27. Qe3 Ra3 28. Bc5 Bxc5 29. dxc5 Ra5 30. Ng3 Raxc5 31. Ne2 Ra8 32.
h3 Ra1+ 33. Kh2 Bh5 34. g4 Bg6 35. Qxc5 h5 36. Qc8+ Kh7 37. Qxb7 f6 38. Nf4
Be4 39. Nxe6 Rh1+ 40. Kg3 Rg1+ 41. Kf4 Rxg4+ 42. hxg4 hxg4 43. Qxg7#
{Black checkmated}
1-0

[Event "ICC tourney 1970 (45 10)"]
[Site "Internet Chess Club"]
[Date "2020.08.22"]
[Round "1"]
[White "LittlePawn135"]
[Black "luckylol3"]
[Result "0-1"]
[ICCResult "White resigns"]
[WhiteElo "457"]
[BlackElo "1380"]
[Opening "Ruy Lopez: exchange variation, Alapin gambit"]
[ECO "C68"]
[NIC "RL.08"]
[Time "11:07:53"]
[TimeControl "2700+10"]

1. e4 e5 2. Nf3 Nc6 3. Bb5 a6 4. Bxc6 dxc6 5. O-O Bg4 6. h3 h5 7. d3 Bd6 8.
hxg4 hxg4 9. Bg5 f6 10. Be3 gxf3 11. Qxf3 Qd7 12. Qg3 O-O-O 13. Nc3 Nh6 14.
f4 exf4 15. Bxf4 Bxf4 16. Qxf4 Qd6 17. Qxd6 cxd6 18. Kf2 Nf7 19. Ne2 c5 20.
Nf4 Rhe8 21. Nd5 Ne5 22. Ke2 Kd7 23. Nb6+ Kc6 24. Nd5 c4 25. dxc4 Nxc4 26.
b3 Na3 27. Kf3 Kd7 28. c4 a5 29. Rac1 b5 30. cxb5 Nxb5 31. a4 Nd4+ 32. Ke3
Nxb3 33. Rc7+ Ke6 34. Rf5 Rd7 35. Nf4+ Ke7 36. Ng6+ Kd8 37. Rxd7+ Kxd7 38.
Rb5 Nc5 39. Rxa5 Rxe4+ 40. Kf3 Rxa4 41. Rb5 Kc6 42. Rb8 Kd5 43. Rg8 Ne6 44.
Rb8 Rc4 45. Ne7+ Kc5 46. Nc8 Nd4+ 47. Kg3 Nf5+ 48. Kh2 Rb4 49. Ra8 Rh4+ 50.
Kg1 Rh8 51. Ra5+ Kb4 52. Rxf5 Rxc8 53. Rd5 Rc6 54. Rd3 Kc4 55. Rg3 g5 56.
Rf3 d5 {White resigns} 0-1

[Event "ICC tourney 1970 (45 10)"]
[Site "Internet Chess Club"]
[Date "2020.08.22"]
[Round "1"]
[White "Trex226"]
[Black "lucachesschess"]
[Result "0-1"]
[ICCResult "White checkmated"]
[WhiteElo "1258"]
[BlackElo "1326"]
[Opening "Giuoco Pianissimo: Italian four knights variation"]
[ECO "C50"]
[NIC "IG.02"]
[Time "11:07:57"]
[TimeControl "2700+10"]

1. e4 e5 2. Nf3 Nc6 3. Bc4 Bc5 4. Nc3 Nf6 5. d3 h6 6. Be3 Bb6 7. d4 exd4 8.
Nxd4 d6 9. h3 Bd7 10. O-O O-O 11. Nxc6 Bxc6 12. Qf3 Re8 13. Bxb6 axb6 14.
Rfe1 Re5 15. Rad1 Qe7 16. Rd4 Re8 17. Bd3 d5 18. Qf4 dxe4 19. Bc4 e3 20.
fxe3 Rxe3 21. Rxe3 Qxe3+ 22. Qxe3 Rxe3 23. Bd3 Re7 24. Rd7 Rxd7 25. Bf5 Re7
26. g4 g6 27. Bd3 Ne4 28. Ne2 Nc5 29. Bc4 b5 30. Bd3 Nxd3 31. cxd3 Rxe2 32.
Kf1 Rxb2 33. a3 Kg7 34. Ke1 Kf6 35. Kd1 Ke5 36. Kc1 Rh2 37. Kd1 Kd4 38. Ke1
Kxd3 39. Kf1 Ke3 40. Kg1 Rh1# {White checkmated} 0-1

[Event "ICC tourney 1970 (45 10)"]
[Site "Internet Chess Club"]
[Date "2020.08.22"]
[Round "1"]
[White "Alberttheshow"]
[Black "Snowzera"]
[Result "0-1"]
[ICCResult "White checkmated"]
[WhiteElo "561"]
[BlackElo "1054"]
[Opening "Sicilian: dragon variation"]
[ECO "B70"]
[NIC "SI.15"]
[Time "11:07:58"]
[TimeControl "2700+10"]

1. e4 c5 2. Nf3 d6 3. Nc3 Nf6 4. d4 cxd4 5. Nxd4 g6 6. Bb5+ Bd7 7. Bxd7+
Qxd7 8. O-O Bg7 9. Re1 Nc6 10. Bg5 O-O 11. Qd2 Nxd4 12. Qxd4 Qg4 13. Bxf6
Bxf6 14. Qb4 b6 15. Nd5 Bg5 16. Rad1 e6 17. Nc7 Rad8 18. Rxd6 Rxd6 19. Qxd6
Bf4 20. Qd7 Qh5 21. g3 Qa5 22. Kf1 Bxc7 23. Qxc7 Qxa2 24. b3 Qa6+ 25. c4 Qa2
26. b4 Qb3 27. b5 Qd3+ 28. Kg2 Qd2 29. Re3 Qa5 30. Qb7 Qa4 31. Rc3 Qa1 32.
Rc2 Qb1 33. Re2 Qd3 34. Rb2 Qxc4 35. Qxa7 Qxe4+ 36. Kf1 Qh1+ 37. Ke2 Qe4+
38. Kf1 Rd8 39. Qxb6 Rd1# {White checkmated} 0-1

[Event "ICC tourney 1970 (45 10)"]
[Site "Internet Chess Club"]
[Date "2020.08.22"]
[Round "1"]
[White "MathMonkey"]
[Black "april2012"]
[Result "0-1"]
[ICCResult "White checkmated"]
[WhiteElo "1366"]
[BlackElo "1515"]
[Opening "Sicilian: dragon variation"]
[ECO "B70"]
[NIC "SI.15"]
[Time "11:08:06"]
[TimeControl "2700+10"]

1. e4 c5 2. Nf3 d6 3. d4 cxd4 4. Nxd4 Nf6 5. Nc3 g6 6. Bb5+ Bd7 7. Kf1 Bg7
8. g3 O-O 9. Kg1 Bxb5 10. Ndxb5 a6 11. Nd4 Qc7 12. Bg5 Nc6 13. Bxf6 Bxf6 14.
Nd5 Qd7 15. Nb6 Qd8 16. Nxc6 Qxb6 17. e5 Qxc6 18. exf6 exf6 19. Qd2 Rac8 20.
c3 Rfe8 21. Rd1 Rcd8 22. Qd3 d5 23. f3 Qb6+ 24. Qd4 Qxb2 25. Qxf6 Qxa2 26.
Rf1 Rc8 27. Rf2 Qa1+ 28. Kg2 Qxc3 29. Qb6 Qc6 30. Qb1 d4 31. Rd1 Rcd8 32.
Rfd2 Re3 33. Rxd4 Qxf3+ 34. Kg1 Rxd4 35. Rxd4 Re2 36. Rd8+ Kg7 37. Qa1+ Kh6
38. Qc1+ Kg7 39. Qa1+ f6 40. Rd7+ Kf8 41. Qf1 Qxf1+ 42. Kxf1 Re7 43. Rd8+
Kf7 44. Rh8 Ke6 45. Rc8 Kd6 46. Rd8+ Rd7 47. Rb8 Kc6 48. Rc8+ Rc7 49. Rb8 b5
50. Ra8 Kb7 51. Rh8 a5 52. Rd8 b4 53. Rd5 Kb6 54. Rd6+ Rc6 55. Rd8 a4 56.
Rb8+ Kc5 57. Ra8 a3 58. Ra4 Rb6 59. Ke2 b3 60. Rxa3 b2 61. Rf3 b1=Q 62. Rc3+
Kb4 63. Rf3 Re6+ 64. Kf2 Qc2+ 65. Kg1 Re1+ 66. Rf1 Rxf1+ 67. Kxf1 Kc3 68.
Kg1 Kd3 69. Kh1 Ke3 70. Kg1 Qf2+ 71. Kh1 Kf3 72. h4 Qg2# {White checkmated}
0-1

[Event "ICC tourney 1970 (45 10)"]
[Site "Internet Chess Club"]
[Date "2020.08.22"]
[Round "1"]
[White "lienegu"]
[Black "Jaguarking"]
[Result "0-1"]
[ICCResult "White resigns"]
[WhiteElo "1288"]
[BlackElo "1128"]
[Opening "Sicilian: Labourdonnais-Löwenthal variation"]
[ECO "B32"]
[NIC "SI.32"]
[Time "11:08:10"]
[TimeControl "2700+10"]

1. e4 c5 2. Nf3 Nc6 3. d4 cxd4 4. Nxd4 e5 5. Nf3 Nf6 6. Nc3 Bb4 7. Bd2 Bxc3
8. Bxc3 Nxe4 9. Qe2 Nxc3 10. bxc3 O-O 11. Qd3 e4 12. Qe3 exf3 13. Qxf3 Re8+
14. Be2 Qe7 15. Rd1 b6 16. Rd2 Ba6 17. Qg4 Bxe2 18. Rxe2 Qxe2+ 19. Qxe2
Rxe2+ 20. Kxe2 Re8+ 21. Kd1 h6 22. Re1 Rxe1+ 23. Kxe1 Kh7 24. Kd2 Kg6 25.
Kd3 Ne5+ 26. Kd4 Ng4 27. h3 Nxf2 28. Ke3 Nd1+ 29. Kd2 Nb2 30. Kc1 Nc4 31.
Kd1 Kf5 32. Ke2 Ke4 33. Kf2 Na3 34. Ke2 Nxc2 35. Kd2 Ne3 36. g3 Nf1+ 37. Ke2
Nxg3+ {White resigns} 0-1

[Event "ICC tourney 1970 (45 10)"]
[Site "Internet Chess Club"]
[Date "2020.08.22"]
[Round "1"]
[White "tundrarules"]
[Black "cappyal"]
[Result "1/2-1/2"]
[ICCResult "Game drawn by mutual agreement"]
[WhiteElo "1174"]
[BlackElo "1145"]
[Opening "Ruy Lopez: four knights (Tarrasch) variation"]
[ECO "C77"]
[NIC "RL.12"]
[Time "11:07:59"]
[TimeControl "2700+10"]

1. e4 e5 2. Nf3 Nc6 3. Bb5 a6 4. Ba4 Nf6 5. Nc3 b5 6. Bb3 Bc5 7. d3 d6 8.
Bg5 h6 9. Be3 Bxe3 10. fxe3 Bg4 11. h3 Bh5 12. g4 Bg6 13. Qd2 O-O 14. Nd5
Nxd5 15. Bxd5 Qd7 16. Qc3 Ne7 17. Bxa8 Rxa8 18. Nd2 a5 19. Rf1 b4 20. Qc4
Rc8 21. Nb3 d5 22. exd5 Nxd5 23. Rf3 Nb6 24. Qc5 a4 25. Nd2 Rd8 26. e4 Bxe4
27. Nxe4 Nd5 28. a3 b3 29. cxb3 axb3 30. Nf2 Nf4 31. Qxe5 Re8 32. Qxe8+
Qxe8+ 33. Ne4 g5 34. Kd2 Qa8 35. a4 h5 36. Nxg5 Ne6 37. Rf4 Nxf4 38. a5 hxg4
39. hxg4 Qg2+ 40. Kc3 Qxg4 41. Ne4 Nd5+ 42. Kxb3 f5 43. Nd2 f4 44. Ne4 Qf5
45. a6 f3 46. a7 Nb6 47. a8=Q+ Nxa8 48. Rxa8+ Kg7 49. Ra1 Qd5+ 50. Kc3 Qe5+
51. Kc2 f2 52. Rf1 Qh2 53. Rxf2 Qe5 54. Rg2+ Kf7 55. Rf2+ Ke6 56. Re2 Qd4
57. Nc5+ Kd5 58. Nb3 Qg4 59. Rd2 Qd7 60. d4 Qc6+ 61. Nc5 Qg6+
{Game drawn by mutual agreement}
1/2-1/2

[Event "ICC tourney 1970 (45 10)"]
[Site "Internet Chess Club"]
[Date "2020.08.22"]
[Round "1"]
[White "neelansh2489"]
[Black "eevee11"]
[Result "1/2-1/2"]
[ICCResult "Game drawn by repetition"]
[WhiteElo "1105"]
[BlackElo "857"]
[Opening "Grünfeld with e3 & Bd3"]
[ECO "D94"]
[NIC "GI.09"]
[Time "11:07:57"]
[TimeControl "2700+10"]

1. d4 Nf6 2. c4 g6 3. Nc3 d5 4. e3 Bg7 5. Nf3 O-O 6. Bd3 c5 7. Be2 dxc4 8.
Bxc4 cxd4 9. exd4 e6 10. O-O Nc6 11. Be3 Na5 12. Be2 Nd5 13. Qd2 Nxe3 14.
fxe3 Nc6 15. Rad1 e5 16. dxe5 Qxd2 17. Rxd2 Nxe5 18. Nxe5 Bxe5 19. Ne4 Be6
20. b3 Rfd8 21. Rxd8+ Rxd8 22. Ng5 Bf5 23. e4 Be6 24. Nxe6 fxe6 25. Bc4 Rd6
26. Rf3 Rd1+ 27. Rf1 Rxf1+ 28. Kxf1 Kf7 29. g3 Kf6 30. Ke2 Ba1 31. Kf3 e5
32. Bd5 b6 33. Kg4 Bd4 34. Kh4 Kg7 35. Kg5 Be3+ 36. Kg4 Kf6 37. Kf3 Bd4 38.
Kg4 h5+ 39. Kh4 Be3 40. g4 hxg4 41. Kxg4 g5 42. h3 Bf4 43. Kh5 Kg7 44. Kg4
Kg6 45. Be6 Kf6 46. Bf5 a5 47. a4 Bc1 48. h4 gxh4 49. Kxh4 Bf4 50. Kg4 Bd2
51. Kf3 Ke7 52. Ke2 Bf4 53. Kd3 Kd6 54. Kc4 Kc6 55. Be6 Bh2 56. Bd5+ Kd6 57.
Kb5 Bg1 58. b4 axb4 59. Kxb4 Bc5+ 60. Kb5 Kc7 61. Kc4 Bg1 62. Kd3 Kd6 63.
Ke2 Kc5 64. Bb3 Kd4 65. Bc2 Kc3 66. Kd1 Kb4 67. Kd2 b5 68. axb5 Kxb5 69. Kd1
Kc4 70. Bb1 Kc3 71. Bc2 Kc4 72. Bb1 Kc3 73. Bc2 Kc4 74. Bb1 Kc3 75. Bc2 Kd4
76. Bb1 Ke3 77. Bc2 Kd4 78. Bb1 Ke3 79. Bc2 Kd4 80. Bb1
{Game drawn by repetition}
1/2-1/2

[Event "ICC tourney 1970 (45 10)"]
[Site "Internet Chess Club"]
[Date "2020.08.22"]
[Round "1"]
[White "ChezBro"]
[Black "DiamondUnicorn"]
[Result "1-0"]
[ICCResult "Black checkmated"]
[WhiteElo "1249"]
[BlackElo "518"]
[Opening "Queen's pawn game"]
[ECO "D00"]
[NIC "QP.08"]
[Time "11:07:58"]
[TimeControl "2700+10"]

1. d4 d5 2. e3 Bf5 3. f4 e6 4. Nf3 Nf6 5. Bd3 Be4 6. O-O Bd6 7. Bxe4 Nxe4 8.
Nbd2 Nf6 9. Ne5 Nc6 10. c3 O-O 11. Qf3 Nd7 12. e4 dxe4 13. Nxe4 Bxe5 14.
fxe5 f5 15. Ng5 Qe7 16. d5 Ncxe5 17. Qd1 Qc5+ 18. Qd4 Qxd5 19. Qxd5 exd5 20.
Ne6 Rfc8 21. Rxf5 c6 22. Be3 a6 23. Bd4 Nd3 24. Nxg7 Nxb2 25. Rb1 Nc4 26.
Rxb7 Nd6 27. Rxd7 Nxf5 28. Nxf5 Kf8 29. Rxh7 Re8 30. Rh8+ Kf7 31. Nd6+ Ke7
32. Rxe8+ Rxe8 33. Nxe8 Kxe8 34. Kf2 Ke7 35. g4 Kf7 36. h4 Kg6 37. Kf3 Kh6
38. g5+ Kh5 39. Kf4 Kg6 40. Kg4 Kf7 41. h5 Kg8 42. g6 Kf8 43. h6 Kg8 44. h7+
Kf8 45. h8=Q+ Ke7 46. Qf6+ Kd7 47. g7 Kc7 48. g8=Q Kb7 49. Qgg7+ Kc8 50.
Qff8# {Black checkmated} 1-0

[Event "ICC tourney 1970 (45 10)"]
[Site "Internet Chess Club"]
[Date "2020.08.22"]
[Round "1"]
[White "grumpyzeus"]
[Black "RohithRV199"]
[Result "0-1"]
[ICCResult "White resigns"]
[WhiteElo "1164"]
[BlackElo "1439"]
[Opening "Danish gambit"]
[ECO "C21"]
[NIC "KP.04"]
[Time "11:23:35"]
[TimeControl "2700+10"]

1. e4 e5 2. d4 exd4 3. c3 dxc3 4. Bc4 cxb2 5. Bxb2 Nc6 6. Nf3 d6 7. O-O Nf6
8. Nc3 Be7 9. Nd5 O-O 10. Nxf6+ Bxf6 11. Qb3 Na5 12. Qb4 Bxb2 13. Qxb2 Nxc4
14. Qc3 Be6 15. a3 Nb6 16. a4 d5 17. Rfd1 Qe7 18. Nd4 dxe4 19. Re1 Rad8 20.
Rxe4 Qf6 21. Qg3 Rxd4 22. Ree1 Re4 23. Rad1 Qd4 24. Qxc7 Qb4 25. Rxe4 Qxe4
26. h3 Bd5 27. Qg3 Nd7 28. Qg4 Qxg4 29. hxg4 Be6 30. f4 Bxg4 31. Rxd7 Bxd7
{White resigns}
0-1

[Event "ICC tourney 1970 (45 10)"]
[Site "Internet Chess Club"]
[Date "2020.08.22"]
[Round "1"]
[White "JKnapp"]
[Black "AJRChess2011"]
[Result "1-0"]
[ICCResult "Black resigns"]
[WhiteElo "885"]
[BlackElo "1180"]
[Opening "Queen's pawn game"]
[ECO "A45"]
[NIC "QP.07"]
[Time "11:08:03"]
[TimeControl "2700+10"]

1. d4 Nf6 2. Nc3 g6 3. Nf3 Bg7 4. Bf4 O-O 5. e4 d6 6. Be2 Nbd7 7. O-O c5 8.
d5 Nh5 9. Qd2 Nxf4 10. Qxf4 Ne5 11. Rfe1 Qb6 12. Nd1 Bd7 13. Ne3 Nxf3+ 14.
Bxf3 Qxb2 15. Rab1 Qxa2 16. Rxb7 Rfd8 17. Ng4 Qa6 18. Rb3 c4 19. Rbe3 Qa5
20. Nh6+ Bxh6 21. Qxh6 e5 22. h4 Rdb8 23. h5 Qd8 24. hxg6 fxg6 25. Bh5 Qf6
26. Rg3 Qh4 27. Rxg6+ hxg6 28. Qxg6+ Kh8 29. Qh6+ Kg8 30. Bf7+ Kxf7 31. Qxh4
Rg8 32. Qh7+ Rg7 33. Qh5+ Kg8 34. Re3 Rb8 35. Rg3 Rb1+ 36. Kh2 Rxg3 37. Kxg3
Kf8 38. Qh7 Rb7 39. Qh6+ Ke7 40. Qg5+ Ke8 41. f4 exf4+ 42. Qxf4 Ke7 43. e5
dxe5 44. Qxe5+ Kd8 45. Kf4 a5 46. g4 a4 47. g5 Be8 48. Qd6+ Rd7 49. Qc5 Rf7+
50. Ke5 Re7+ 51. Kf6 Rf7+ 52. Ke5 Re7+ 53. Kf6 Rf7+ 54. Ke5 Re7+ 55. Kf4
Rf7+ 56. Kg4 Bd7+ 57. Kh5 Rh7+ 58. Kg6 Rh8 59. Qxc4 Rg8+ 60. Kf6 Rf8+ 61.
Ke5 Rg8 62. Qh4 Re8+ 63. Kd6 Rg8 64. g6+ Kc8 65. Qh7 Rd8 66. Kc5 Bf5 67. d6
Rd7 68. Qh8+ Kb7 69. Qb2+ Kc8 70. Qb6 Be4 71. Qa6+ Bb7 72. Qxa4 Rd8 73. g7
Rg8 74. d7+ Kd8 75. Qa7 Ke7 76. Qxb7 Kf6 77. Qc7 {Black resigns} 1-0

[Event "ICC tourney 1970 (45 10)"]
[Site "Internet Chess Club"]
[Date "2020.08.22"]
[Round "1"]
[White "sp04"]
[Black "kushagra12"]
[Result "0-1"]
[ICCResult "White checkmated"]
[WhiteElo "1109"]
[BlackElo "855"]
[Opening "QGD: 4.Bg5"]
[ECO "D50"]
[NIC "QO.16"]
[Time "11:08:04"]
[TimeControl "2700+10"]

1. d4 d5 2. c4 e6 3. Nc3 Nf6 4. Bg5 Bb4 5. e3 O-O 6. Nf3 Bxc3+ 7. bxc3 h6 8.
Bh4 Bd7 9. Bd3 Nc6 10. O-O dxc4 11. Bxc4 Na5 12. Bd3 a6 13. Rc1 Rc8 14. Re1
Qe8 15. Bb1 Nh7 16. Qd3 g6 17. Ne5 f5 18. g4 Bc6 19. Nxc6 Qxc6 20. gxf5 exf5
21. e4 g5 22. Bg3 f4 23. e5 Qd7 24. Qg6+ Qg7 25. Qe6+ Kh8 26. Bxh7 Qxh7 27.
Qd5 Nc6 28. e6 fxg3 29. hxg3 Qf5 30. Qxf5 Rxf5 31. Re2 Kg7 32. Rce1 Kf6 33.
g4 Rf4 34. e7 Re8 35. Re6+ Kf7 36. Rxh6 Rxg4+ 37. Kf1 Rh4 38. Rxh4 gxh4 39.
d5 Nxe7 40. Kg2 Nxd5 41. Rxe8 Kxe8 42. Kh3 Nxc3 43. a3 Kf7 44. Kxh4 Ne4 45.
f3 Nf6 46. Kg5 c5 47. Kf4 b5 48. Ke3 c4 49. Kd2 Ke6 50. Kc3 Kf5 51. Kb4 a5+
52. Kc3 Kf4 53. Kc2 Kxf3 54. Kc3 Ke4 55. a4 Nd5+ 56. Kc2 b4 57. Kb2 c3+ 58.
Kc2 Kd4 59. Kb3 Ne3 60. Ka2 b3+ 61. Kb1 b2 62. Ka2 Nc4 63. Kb1 Nd2+ 64. Kc2
b1=Q# {White checkmated} 0-1

[Event "ICC tourney 1970 (45 10)"]
[Site "Internet Chess Club"]
[Date "2020.08.22"]
[Round "1"]
[White "mimzhang"]
[Black "RockyWang"]
[Result "0-1"]
[ICCResult "White checkmated"]
[WhiteElo "1346"]
[BlackElo "1496"]
[Opening "Three knights game"]
[ECO "C46"]
[NIC "KP.06"]
[Time "11:08:20"]
[TimeControl "2700+10"]

1. e4 e5 2. Nf3 Nc6 3. Nc3 Bb4 4. Bb5 a6 5. Bxc6 dxc6 6. Nxe5 Bxc3 7. bxc3
Qe7 8. d4 Nf6 9. Qd3 O-O 10. O-O h6 11. c4 c5 12. Ba3 b6 13. Nc6 Qxe4 14.
Qxe4 Nxe4 15. Rfe1 Bb7 16. Ne7+ Kh8 17. d5 Nd6 18. Re2 Nxc4 19. Bc1 Rae8 20.
Bf4 Bxd5 21. Bxc7 Be6 22. Rxe6 fxe6 23. Ng6+ Kg8 24. Nxf8 Kxf8 25. Rb1 b5
26. Rd1 Ke7 27. h3 Rc8 28. Bf4 e5 29. Re1 Kf6 30. Bc1 Rd8 31. a3 g5 32. g3
Rd4 33. c3 Rd3 34. f4 Rxg3+ 35. Kh2 exf4 36. Rf1 Rxc3 37. Rf2 Ke5 38. Re2+
Kd4 39. Ra2 Rxc1 40. a4 b4 41. a5 b3 42. Rf2 b2 43. Kg2 b1=Q 44. Rf3 Rg1+
45. Kf2 Qe1# {White checkmated} 0-1